AoeStats
← hK | RanDoM

Arena

510005714Analyzed
4v4 RM · 4d ago on Sep 29, 2026· 35m 30s· 8 players
Game mode
Random Map
Map size
Large (8 player)
Population
200
Speed
Normal
Resources
Standard
Victory
Conquest
Starting age
Dark Age
Ending age
Imperial Age
RankedLock teamsTeams togetherTeam positionsShared explorationLock speedFull tech treeHidden civsTurbo modeCheats
Victory
Defeat
🇲🇽 Mapuche · Mexico
1719
+8
🇲🇽 Mongols · Mexico
1712
+9
🇨🇴 Bengalis · Colombia
1627
+12
🇲🇽 Poles · Mexico
1164
+106
🇺🇸 Magyars · United States
1556
-15
🇺🇸 Armenians · United States
1549
-16
🇻🇳 Inca · Vietnam
1514
-14
🇧🇷 Spanish · Brazil
1479
-13
Blue Adam
11:00 Feudal Age
11:43 Double-Bit Axe
11:55 Horse Collar
15:03 Castle Age
15:54 Bow Saw
16:22 Heavy Plow
18:36 Wheelbarrow
20:31 Hand Cart
27:37 Imperial Age
26:08 Scale Mail Armor
26:18 Forging
27:09 Chain Mail Armor
26:22 Man-at-Arms
26:47 Gambesons
27:02 Squires
27:34 Gold Mining
28:42 Iron Casting
27:43 Long Swordsman
27:48 Capped Ram
29:20 Siege Ram
29:23 Two-Handed Swordsman
30:39 Champion
31:51 Plate Mail Armor
33:23 Blast Furnace
32:11 Loom
32:11 Town Watch
32:34 Pikeman
34:20 Gold Shaft Mining
33:27 Halberdier
33:52 Arson
thanh7531
9:44 Feudal Age
14:51 Castle Age
13:10 Double-Bit Axe
14:56 Wheelbarrow
17:24 Loom
17:25 Town Watch
23:18 Horse Collar
28:48 Imperial Age
27:09 Elite Skirmisher
27:55 Thumb Ring
27:11 Crossbowman
29:01 Hand Cart
28:44 Fletching
28:55 Padded Archer Armor
29:25 Arbalester
30:54 Bodkin Arrow
32:04 Bracer
32:15 Forging
Random
11:04 Feudal Age
15:04 Castle Age
12:57 Horse Collar
15:36 Double-Bit Axe
15:51 Heavy Plow
16:55 Bow Saw
19:39 Loom
19:41 Town Watch
22:40 Stone Mining
23:03 Husbandry
31:13 Wheelbarrow
35:11 Imperial Age
33:43 Scale Barding Armor
34:00 Fletching
Newlife
11:02 Feudal Age
15:08 Castle Age
13:16 Double-Bit Axe
13:36 Horse Collar
13:46 Loom
16:03 Bow Saw
24:40 Wheelbarrow
24:07 Heavy Plow
28:50 Fortified Wall
28:37 Town Watch
29:05 Pikeman
29:45 Squires
31:00 Hand Cart
30:38 Gold Mining
34:08 Imperial Age
32:03 Scale Mail Armor
32:14 Forging
32:04 Arson
32:04 Gambesons
34:16 Iron Casting
35:22 Conscription
34:34 Halberdier
36:03 Chain Mail Armor
hK | Anubis
11:00 Feudal Age
11:20 Loom
14:54 Castle Age
13:15 Fletching
13:13 Double-Bit Axe
13:23 Horse Collar
15:46 Bodkin Arrow
25:28 Town Watch
29:29 Wheelbarrow
29:25 Malon
30:15 Bow Saw
34:09 Hand Cart
37:08 Imperial Age
hK | Agt. Smith
10:29 Feudal Age
11:30 Double-Bit Axe
14:05 Castle Age
11:58 Double-Bit Axe
12:12 Horse Collar
16:32 Wheelbarrow
21:04 Bow Saw
22:20 Stone Mining
22:22 Gold Mining
24:13 Fletching
25:11 Bodkin Arrow
28:03 Imperial Age
26:00 Ballistics
26:21 Padded Archer Armor
27:07 Heavy Plow
27:13 Husbandry
28:00 Leather Archer Armor
28:04 Murder Holes
28:54 Bracer
29:56 Chemistry
28:25 Capped Ram
29:27 Bloodlines
29:18 Siege Ram
30:56 Drill
31:39 Conscription
32:13 Elite Mangudai
34:04 Loom
hK | RanDoM
10:41 Feudal Age
14:32 Castle Age
12:47 Horse Collar
13:26 Double-Bit Axe
15:46 Wheelbarrow
15:17 Heavy Plow
22:45 Hand Cart
22:54 Bow Saw
23:31 Gold Mining
27:02 Imperial Age
24:37 Stone Mining
25:54 Loom
25:55 Town Watch
26:19 Scale Barding Armor
26:25 Forging
27:34 Chain Barding Armor
27:15 Husbandry
27:26 Bloodlines
28:53 Iron Casting
29:15 Crop Rotation
28:21 Cavalier
28:47 Light Cavalry
29:41 Szlachta Privileges
29:57 Conscription
29:58 Lechitic Legacy
32:33 Coinage
32:04 Winged Hussar
hK | Monastery
9:40 Feudal Age
11:06 Loom
13:37 Castle Age
11:51 Double-Bit Axe
12:35 Gold Mining
19:36 Redemption
23:39 Sanctity
24:38 Fervor
29:53 Wheelbarrow
34:17 Hand Cart
35:48 Horse Collar
Connection lost

Rejoining the realm…

Still unreachable

The connection could not be restored.

Session expired

The server has moved on; the page needs a fresh start.